 Dungeon Crawl Stone Soup version 0.28.0-53-g5a82cb258f (webtiles) character file.

Game seed: 3428680670913254911

105 mcbry74 the Insei (level 4, -19/32 HPs)
             Began as a Merfolk Transmuter on July 6, 2022.
             Demolished by an ogre
             ... wielding a +0 giant club
              (30 damage)
             ... on level 4 of the Dungeon.
             The game lasted 00:09:43 (3155 turns).

mcbry74 the Insei (Merfolk Transmuter)              Turns: 3155, Time: 00:09:44

Health: -19/32     AC:  4    Str: 16    XL:     4   Next: 81%
Magic:  5/7        EV: 12    Int: 14    God:
Gold:   117        SH:  5    Dex: 14    Spells: 1/7 levels left

rFire   . . .      SeeInvis .     - Unarmed
rCold   + . .      Faith    .   (no shield)
rNeg    . . .      Spirit   .   d - +1 leather armour {rC+}
rPois   .          Reflect  +   (helmet currently unavailable)
rElec   .          Harm     .   (no cloak)
rCorr   .          Rampage  .   (no gloves)
Will    .....                   (boots currently unavailable)
Stlth   +.........              n - amulet of reflection
HPRegen 0.10/turn               o - +6 ring of strength
MPRegen 0.10/turn               (no ring)

@: appendages, very slightly contaminated
A: horns 2, (nimble swimmer 2), mertail
a: End Transformation


You were on level 4 of the Dungeon.
You had temporarily grown beastly horns.
You visited 1 branch of the dungeon, and saw 4 of its levels.

You collected 117 gold pieces.

Inventory:

Missiles
 h - 5 curare-tipped darts
Armour
 a - a +0 robe
 d - a +1 leather armour of cold resistance (worn)
 i - a +2 buckler
 l - a +0 helmet (melded)
Jewellery
 n - an amulet of reflection (around neck)
 o - a +6 ring of strength (left hand)
Scrolls
 c - 4 scrolls of identify {unknown}
 e - a scroll of brand weapon {unknown}
 g - a scroll of teleportation {unknown}
 j - a scroll of enchant armour {unknown}
 m - a scroll of blinking {unknown}
 p - a scroll of torment {unknown}
Potions
 b - 2 potions of lignification {unknown}
 f - a potion of flight {unknown}
 k - 2 potions of brilliance {unknown}


   Skills:
 - Level 1.1 Fighting
 - Level 1.2 Armour
 - Level 2.6 Dodging
 * Level 5.0 Unarmed Combat
 - Level 2.0 Spellcasting
 + Level 3.6 Transmutations
 + Level 0.0 Poison Magic


You had one spell level left.
You knew the following spells:

 Your Spells              Type           Power      Damage    Failure   Level
a - Beastly Appendage     Tmut           22%        N/A       7%          1
b - Wereblood             Tmut           11%        N/A       10%         2
c - Spider Form           Tmut/Pois      6%         N/A       38%         3

Your spell library contained the following spells:

 Spells                   Type           Power      Damage    Failure   Level
 Ice Form                 Ice/Tmut       6%         N/A       80%         4


Dungeon Overview and Level Annotations

Branches:
Dungeon (4/15)
 Temple: D:4-7

Altars:


Innate Abilities, Weirdness & Mutations

You have temporarily grown beastly horns.
((You are very nimble when in or above water. (Stealth+, EV+, Speed+++)))
Your lower body shifts to a powerful aquatic tail in water.


Message History

Your transformation is almost over.
The worm barely misses you.
You hit the worm. You punch the worm.
The worm is almost dead.
You hit the worm but do no damage.
You headbutt the worm, but do no damage.
The worm is almost dead.
You block the worm's attack.
You hit the worm.
You kill the worm!
You start waiting.
Your horns disappear.
Your +0 helmet unmelds from your body.
You start waiting.
Done waiting.
You see here a worm corpse.
You see here a worm corpse.
An ogre comes into view. It is wielding a +0 giant club.
Casting: Beastly Appendage (safe; 7% risk of failure)
Press: ? - help, Q - select action, (/) - cycle Dir - look around, f - activate You miscast Beastly Appendage.
You are very lightly contaminated with residual magic.
Nothing appears to happen.
The ogre shouts!
Casting: Beastly Appendage (safe; 7% risk of failure)
Press: ? - help, Q - select action, (/) - cycle Dir - look around, f - activate You grow a pair of large bovine horns.
Your +0 helmet melds into your body.
You punch the ogre!
The ogre is moderately wounded.
The ogre hits you with a +0 giant club!
You barely miss the ogre. Your headbutt misses the ogre. You punch the ogre!
The ogre is heavily wounded.
You punch the ogre!
The ogre is severely wounded.
The ogre hits you with a +0 giant club!
You hit the ogre.
The ogre is severely wounded.
The ogre hits you with a +0 giant club!!
Ouch! That really hurt!
You die...

#......#...##
##......#...##
##.......#...##
.........#...##
####.......#...##
#............####
##.###......###
#######..########.#
.......@....#####†#
######O####.......##
# #.
###...###..##### ..
#...### ##...#.. #.#
#...# ###.... #.
#....# ###.#
........# #.#
..####### #.# . #.#


You could see an ogre.

Vanquished Creatures
  Robin (D:2)
  2 adders (D:3)
  4 worms
  A dart slug (D:2)
  3 orcs
  3 bats
  8 endoplasms
  A giant cockroach (D:3)
  11 goblins
  5 hobgoblins
  4 jackals (D:3)
  3 kobolds
  A quokka (D:1)
  A ball python (D:1)
  2 frilled lizards (D:2)
  6 rats
56 creatures vanquished.

Notes
Turn   | Place    | Note
-------+----------+-------------------------------------------
     0 | D:1      | mcbry74 the Merfolk Transmuter began the quest for the Orb.
     0 | D:1      | Reached XP level 1. HP: 15/15 MP: 3/3
   249 | D:1      | Reached XP level 2. HP: 21/21 MP: 3/5
   500 | D:1      | Reached skill level 4 in Unarmed Combat
  1031 | D:1      | Learned a level 2 spell: Wereblood
  1131 | D:2      | Found a faded altar of an unknown god.
  1190 | D:2      | Reached XP level 3. HP: 5/26 MP: 4/6
  1615 | D:2      | Noticed Robin
  1625 | D:2      | Killed Robin
  1643 | D:2      | Reached XP level 4. HP: 28/32 MP: 7/7
  1841 | D:2      | Learned a level 3 spell: Spider Form
  2001 | D:3      | Reached skill level 1 in Armour
  2826 | D:3      | Reached skill level 5 in Unarmed Combat
  3149 | D:4      | Noticed an ogre
  3155 | D:4      | Demolished by an ogre

Illustrated notes

Levels and vault maps discovered:
D:1:      wander_arrival_desolate, layout_loops_ring
D:2:      layout_basic, ebering_ecumenical_altar_webs, minmay_misc_feat_iff,
          uniq_robin
D:3:      layout_rooms
D:4:      layout_rooms, okawaru_ov_weapons_minmay

Skill      XL: |  1  2  3  4 |
---------------+-------------+-----
Unarmed Combat | 4 5 |  5.0
Transmutations | 3 |  3.6
Armour         | 1 |  1.2
Fighting       | |  1.1
Dodging        | |  2.6
Spellcasting   | |  2.0

Action                   |  1- 3 |  4- 6 || total
-------------------------+-------+-------++-------
Melee: Unarmed           |    85 |    83 ||   168
       Headbutt          |     9 |     8 ||    17
       Punch             |       |     6 ||     6
 Cast: Beastly Appendage |    21 |    12 ||    33
       Wereblood         |     1 |     2 ||     3
 Stab: Sleeping          |     2 |       ||     2
Armor: Leather armour    |    12 |    18 ||    30
Dodge: Dodged            |    30 |    47 ||    77
Block: Other             |       |    10 ||    10
